Map: Jagannatha LE

Players

DisK

  • Race: Protoss Protoss
  • Spawn Location: 7:00

JonSnow - Winner!

  • Race: Zerg Zerg
  • League: Grandmaster
  • Spawn Location: 1:00

Event: DreamHack SC2 Masters 2020 Winter

VOD

Have the link to the VOD?

Description

Time

  • Played on: Oct. 29, 2020, 3:58 p.m.
  • Length: 9:57

All games in this series

Show
View Real Time Build Order
Export as new Build Order

DisK Protoss 

Build Orders: 1 Gate Expand, Oracle Opening, Phoenix Opening 

Get SALT Encoding   

  12  0:00  Probe  
  13  0:12  Probe  
  14  0:20  Pylon  
  14  0:24  Probe  
  15  0:38  Probe (Chrono Boost)  
  15  0:40  Gateway  
  16  0:48  Assimilator, Probe (Chrono Boost)  
  17  0:53  Probe (Chrono Boost)  
  18  1:04  Probe  
  19  1:16  Probe  
  20  1:23  Nexus  
  20  1:35  Cybernetics Core  
  20  1:38  Probe  
  21  1:43  Assimilator  
  21  1:50  Probe  
  21  1:53  Pylon  
  22  2:02  Probe (Chrono Boost)  
  23  2:12  Warp Gate, Probe (Chrono Boost)  
  23  2:14  Adept (Chrono Boost)  
  26  2:18  Probe  
  27  2:24  Stargate  
  27  2:30  Probe  
  27  2:37  Adept  
  28  2:42  Probe (Chrono Boost)  
  32  2:54  Probe x2 (Chrono Boost)  
  33  3:01  Probe (Chrono Boost)  
  33  3:03  Probe (Chrono Boost)  
  35  3:08  Probe, Oracle (Chrono Boost)  
  39  3:13  Probe  
  39  3:15  Gateway  
  40  3:20  Probe  
  40  3:23  Pylon  
  40  3:25  Probe  
  41  3:32  Probe  
  42  3:36  Phoenix (Chrono Boost)  
  42  3:37  Probe  
  42  3:38  Assimilator  
  42  3:41  Assimilator  
  45  3:44  Probe  
  46  3:49  Pylon  
  46  3:50  Probe  
  47  3:56  Probe  
  47  4:02  Probe  
  49  4:08  Probe  
  50  4:17  Stargate  
  50  4:19  Fleet Beacon, Probe  
  50  4:22  Pylon  
  51  4:24  Zealot x2  
  51  4:30  Probe  
  56  4:46  Pylon  
  56  4:49  Nexus  
  56  4:53  Probe  
  58  5:00  Carrier (Chrono Boost)  
  58  5:06  Carrier (Chrono Boost)  
  63  5:11  Probe  
  70  5:15  Probe  
  71  5:23  Probe  
  71  5:24  Sentry x2  
  71  5:28  Probe  
  77  5:36  Probe  
  77  5:38  Pylon x2  
  77  5:41  Shield Battery  
  78  5:52  Shield Battery  
  78  5:56  Carrier (Chrono Boost), Probe x2  
  86  6:00  Carrier  
  92  6:05  Probe (Chrono Boost)  
  94  6:13  Probe x2 (Chrono Boost)  
  94  6:16  Probe (Chrono Boost)  
  94  6:18  Pylon  
  95  6:22  Probe x3 (Chrono Boost)  
  97  6:27  Forge, Twilight Council  
  97  6:31  Probe  
  97  6:32  Sentry x2  
  102  6:36  Pylon  
  102  6:37  Probe x2  
  104  6:44  Assimilator  
  104  6:47  Assimilator  
  104  6:48  Gateway  
  104  6:51  Charge (Chrono Boost)  
  104  7:00  Probe  
  105  7:03  Protoss Ground Weapons Level 1 (Chrono Boost)  
  105  7:06  Probe x2  
  107  7:08  Gateway  
  107  7:10  Gateway  
  107  7:12  Probe  
  108  7:16  Robotics Facility  
  108  7:18  Probe x2  
  102  7:23  Stalker x2  
  102  7:24  Probe  
  103  7:30  Probe x2  
  103  7:34  Pylon  
  103  7:36  Probe  
  106  7:38  Gateway  
  106  7:40  Pylon  
  106  7:41  Pylon  
  106  7:42  Probe x2  
  106  7:43  Sentry  
  110  7:47  Gateway  
  110  7:48  Gateway, Probe  
  111  8:05  Stalker x4  
  119  8:06  Stalker  
  121  8:19  Shield Battery  
  121  8:23  Templar Archives  
  121  8:25  Shield Battery  
  115  8:38  Stalker x6  
  125  8:53  Zealot x2  
  125  8:54  Pylon  
  129  8:55  Pylon  
  129  8:58  Gateway  
  129  9:00  Gateway  
  129  9:02  Zealot  
  131  9:03  Zealot  
  131  9:07  Pylon  
  131  9:09  Pylon x2  
  130  9:10  Pylon  
  130  9:15  Stalker  
  144  9:17  Stalker  
  146  9:31  Zealot x2  
  146  9:32  Zealot x2  
  140  9:41  Zealot  
  140  9:43  Zealot x3  
Show
View Real Time Build Order
Export as new Build Order

JonSnow Zerg - Winner!

Build Orders: Hatch First 

Get SALT Encoding   

  12  0:01  Drone  
  13  0:11  Overlord  
  13  0:17  Drone  
  14  0:30  Drone x2  
  16  0:48  Hatchery  
  15  0:52  Drone  
  15  0:56  Drone  
  17  0:58  Drone  
  18  1:06  Extractor  
  17  1:15  Spawning Pool  
  16  1:19  Drone  
  16  1:21  Drone  
  18  1:29  Drone  
  19  1:38  Drone  
  20  1:49  Overlord  
  20  2:02  Queen x2  
  20  2:03  Zergling x4  
  20  2:06  Metabolic Boost  
  26  2:12  Drone  
  26  2:14  Drone  
  28  2:24  Zergling x2  
  28  2:25  Drone  
  30  2:37  Hatchery  
  30  2:43  Drone  
  30  2:44  Drone x2  
  32  2:51  Queen  
  34  3:03  Overlord  
  34  3:05  Zergling x2  
  35  3:11  Overlord  
  35  3:17  Drone  
  36  3:24  Drone x5  
  41  3:29  Queen  
  41  3:32  Drone x2  
  45  3:42  Drone x3  
  45  3:46  Drone  
  45  3:47  Drone  
  50  3:48  Queen  
  50  3:55  Overlord  
  52  3:58  Spore Crawler  
  52  3:59  Spore Crawler  
  52  4:00  Spore Crawler  
  49  4:04  Evolution Chamber  
  49  4:05  Spore Crawler  
  49  4:06  Drone x2  
  49  4:07  Drone x2  
  51  4:10  Drone x2  
  51  4:15  Drone x3  
  56  4:21  Overlord  
  58  4:27  Overlord  
  58  4:28  Lair  
  58  4:30  Extractor  
  57  4:32  Extractor  
  57  4:35  Zergling x2  
  57  4:36  Zergling x2  
  58  4:43  Drone x8  
  65  4:50  Drone x2  
  67  4:54  Spore Crawler  
  67  4:56  Drone x3  
  67  4:57  Evolution Chamber, Roach Warren  
  67  5:00  Drone x3  
  67  5:04  Overlord  
  70  5:07  Overlord  
  70  5:09  Drone x2  
  70  5:12  Drone, Extractor  
  70  5:13  Extractor  
  71  5:16  Overlord  
  70  5:23  Drone x3  
  70  5:24  Overlord  
  70  5:28  Drone, Zerg Missile Weapons Level 1  
  73  5:29  Extractor  
  73  5:35  Drone  
  73  5:36  Drone x7  
  73  5:40  Glial Reconstitution  
  81  5:48  Hatchery  
  80  5:53  Spire, Overseer  
  79  5:57  Drone  
  79  6:01  Overlord  
  80  6:12  Roach  
  80  6:13  Roach x8  
  80  6:15  Overlord  
  80  6:18  Overlord x2  
  97  6:20  Overlord  
  97  6:29  Overlord  
  97  6:40  Overlord  
  97  6:43  Spore Crawler  
  93  6:56  Drone x4  
  95  7:10  Zerg Flyer Weapons Level 1  
  93  7:18  Corruptor x5  
  93  7:19  Corruptor x5  
  112  7:28  Drone x5  
  112  7:29  Drone x4  
  119  7:32  Overlord  
  119  7:33  Zerg Missile Weapons Level 2  
  119  7:35  Corruptor  
  121  7:39  Queen  
  121  7:40  Overlord  
  121  7:43  Overlord x2  
  123  7:47  Corruptor  
  123  7:48  Corruptor  
  127  8:03  Corruptor  
  127  8:04  Corruptor  
  131  8:08  Zergling x20  
  131  8:11  Extractor  
  140  8:15  Extractor  
  140  8:16  Roach x5  
  149  8:24  Corruptor x2  
  153  8:33  Zergling x2  
  153  8:34  Zergling x8  
  152  8:43  Roach x8  
  168  8:51  Roach x4  
  176  8:56  Roach x3  
  176  8:57  Zergling x2  
  177  9:06  Roach x3  
  182  9:20  Baneling Nest  
  182  9:22  Overlord  
  182  9:23  Ravager x2  
  178  9:35  Hatchery  
  178  9:37  Zergling x22  
Tags
 
Add a new tag
Caveats
  • Supply blocks, unpowered buildings, or Contaminate may cause inaccurate times.
  • Supply counts are checked every 10 seconds.